 Dungeon Crawl Stone Soup version 0.21.1-1-g345015f (webtiles) character file.

427 inc the Ducker (level 6, 0/36 HPs)
             Began as a Felid Enchanter on Feb 28, 2018.
             Succumbed to a gnoll sergeant's poison
             ... on level 5 of the Dungeon.
             The game lasted 00:09:43 (4201 turns).

inc the Ducker (Felid Enchanter)                    Turns: 4201, Time: 00:09:44

Health: 0/36       AC:  6    Str:  9    XL:     6   Next: 65%
Magic:  9/10       EV: 23    Int: 23    God:
Gold:   179        SH:  0    Dex: 17    Spells: 3/9 levels left
                                        Lives:  0   Deaths: 1

rFire    . . .     SeeInvis +     - Unarmed
rCold    . . .     Gourm    .   (shield unavailable)
rNeg     . . .     Faith    .   (armour unavailable)
rPois    +         Spirit   .   (helmet unavailable)
rElec    .         Reflect  .   (cloak unavailable)
rCorr    .         Harm     .   (gloves unavailable)
MR       .....                  (boots unavailable)
Stlth    ..........             f - amulet of rage
HPRegen  0.12/turn              i - +5 ring of intelligence
MPRegen  0.12/turn              n - +2 ring of protection

@: berserking, lethally poisoned (0 -> -20), very quick
A: very small, no armour, no weapons or thrown items, stealth, claws 1, fangs 3,
icy blue scales 1, see invisible, carnivore, speed 1, poison resistance, shaggy
fur 2, slow metabolism 1, sharp paws
a: Evoke Berserk Rage


You were on level 5 of the Dungeon.
You were very hungry.

You visited 1 branch of the dungeon, and saw 5 of its levels.

You collected 179 gold pieces.

Inventory:

Jewellery
 f - an amulet of rage (around neck)
 i - a +5 ring of intelligence (left paw)
 l - a +2 ring of strength
 n - a +2 ring of protection (right paw)
 o - an uncursed ring of fire
 u - a +1 ring of protection
Wands
 q - a wand of flame (28)
Scrolls
 c - a scroll of teleportation {unknown}
 d - a scroll of enchant weapon
 g - 2 scrolls of remove curse
 j - 2 scrolls of amnesia {unknown}
 k - a scroll of fear
 m - a scroll of magic mapping {unknown}
 r - a scroll of blinking {unknown}
 y - a scroll of immolation {unknown}
Potions
 e - a potion of heal wounds {unknown}
 h - a potion of resistance {unknown}
 p - a potion of berserk rage {unknown}
 s - a potion of curing
 t - 2 potions of mutation
 w - a potion of brilliance
 x - a potion of magic {unknown}
Books
 a - a book of Maledictions

   Spells                             Type                      Level
   a - Corona                         Hexes                        1
   b - Ensorcelled Hibernation        Hexes/Ice                    2
   c - Confuse                        Hexes                        3
   d - Tukima's Dance                 Hexes                        3
   e - Dazzling Spray                 Conjuration/Hexes            3
 v - a book of Necromancy

   Spells                             Type                      Level
   a - Pain                           Necromancy                   1
   b - Animate Skeleton               Necromancy                   1
   c - Vampiric Draining              Necromancy                   3
   d - Regeneration                   Charms/Necromancy            3
   e - Animate Dead                   Necromancy                   4
   f - Borgnjor's Vile Clutch         Necromancy/Earth             5
Comestibles
 b - 6 rations


   Skills:
 + Level 7.5 Dodging
 - Level 4.0 Stealth
 - Level 4.3 Unarmed Combat
 - Level 2.0 Spellcasting
 - Level 4.9 Hexes
 - Level 1.0 Ice Magic


You had 3 spell levels left.
You knew the following spells:

 Your Spells              Type           Power        Failure   Level  Hunger
a - Corona                Hex            ####...      1%          1    #......
b - Ensorcelled Hibernat  Hex/Ice        ###...       5%          2    ##.....
c - Confuse               Hex            ####....     4%          3    ###....


Dungeon Overview and Level Annotations

Branches:
Dungeon (4/15)
 Temple: D:4-7

Altars:
Gozag
Nemelex Xobeh
Sif Muna
Trog
Uskayaw

Annotations:
D:3 Grinder


Innate Abilities, Weirdness & Mutations

You cannot wear armour.
You are incapable of wielding weapons or throwing items.
Your paws allow you to move quietly. (Stealth)
You have sharp claws.
You have razor-sharp teeth.
You have supernaturally acute eyesight. (SInv)
You are carnivorous and can eat meat at any time.
You cover ground quickly.
You are covered in thick fur. (AC +2)
You have a slow metabolism.
Your sharp claws are effective at attacking unaware monsters.
You are partially covered in icy blue scales. (AC +2)
Your system is resistant to poisons. (rPois)


Message History

The ice beast is almost dead.
* * * LOW HITPOINT WARNING * * *
You feel sick. The ice beast barely misses you.
The gnoll sergeant hits you but does no damage.
You are more poisoned.
You scratch the ice beast but do no damage.
The ice beast is almost dead.
* * * LOW HITPOINT WARNING * * *
You feel sick. The ice beast barely misses you.
You closely miss the ice beast. Your bite misses the ice beast.
The ice beast is almost dead.
* * * LOW HITPOINT WARNING * * *
You feel sick.
The gnoll sergeant hits you but does no damage.
You are too berserk!
Unknown command.
You claw the ice beast!
You kill the ice beast!
Your Dodging skill increases to level 7!
You die...

##.....#.......#....##.##.#...#
###...##.......#.....#.##.#...#
......##(.....)##....#.##.#...#
####..###.....###....#.##.#...###
####..# ##...## ###..#.##.##.....
#.....#####'########.#..#.##.....
#.#....#.............##.#.##.....
#.####.#.............##...##.....
#.#....#........@....###..##.....
..#.##.#.########'#### #..##.....
###.#..#..### #.5g# ###..##.....
#.#.##....# #.....##.....+.....
###.#.##....##.......#.#..##.....
....####.....#.......#...........
###### ##....#.......#...........
.....# #....##...$.##...........
.....# ###..###...###......[....


You could see a gnoll sergeant and a crimson imp.

Vanquished Creatures
  An ice beast (D:5)
  2 scorpions (D:5)
  A howler monkey (D:5)
  A bullfrog zombie (D:5)
  A bullfrog skeleton (D:5)
  Jessica (D:3)
  2 worker ants (D:5)
  4 adders
  A shadow imp (D:5)
  An ooze (D:2)
  A worm (D:5)
  2 dart slugs
  3 leopard geckos
  4 orcs
  3 giant cockroaches
  9 goblins
  7 hobgoblins
  4 jackals
  4 kobolds
  A quokka (D:2)
  2 ball pythons
  3 bats (D:1)
  5 frilled lizards
  A leopard gecko zombie (D:5)
  9 rats
73 creatures vanquished.

Vanquished Creatures (others)
  A wizard (D:5)
1 creature vanquished.

Grand Total: 74 creatures vanquished

Notes
Turn   | Place    | Note
-------+----------+-------------------------------------------
     0 | D:1      | inc the Felid Enchanter began the quest for the Orb.
     0 | D:1      | Reached XP level 1. HP: 7/7 MP: 4/4
   310 | D:1      | Reached XP level 2. HP: 10/11 MP: 4/6
  1522 | D:1      | Reached XP level 3. HP: 14/14 MP: 7/7
  1779 | D:2      | Found a sparkling altar of Nemelex Xobeh.
  2195 | D:2      | Reached XP level 4. HP: 18/18 MP: 8/8
  2339 | D:3      | Noticed a phantom
  2357 | D:3      | Noticed Jessica
  2366 | D:3      | Noticed Grinder
  2389 | D:3      | Paralysed by Grinder for 6 turns
  2413 | D:3      | Paralysed by Grinder for 2 turns
  2670 | D:3      | Learned a level 2 spell: Ensorcelled Hibernation
  2674 | D:3      | Learned a level 3 spell: Confuse
  2754 | D:3      | Killed Jessica
  3199 | D:3      | Gained mutation: You are partially covered in icy blue scales. (AC +2) [potion of mutation]
  3199 | D:3      | Gained mutation: Your system is resistant to poisons. (rPois) [potion of mutation]
  3202 | D:3      | Succumbed to a worker ant's poison
  3203 | D:3      | Reached XP level 3. HP: 0/14 MP: 1/7
  3217 | D:3      | Paralysed by Grinder for 4 turns
  3237 | D:2      | Reached skill level 1 in Ice Magic
  3237 | D:2      | Reached XP level 4. HP: 9/18 MP: 1/8
  3458 | D:4      | You fall through a shaft!
  3458 | D:5      | Entered Level 5 of the Dungeon
  3611 | D:5      | Reached skill level 3 in Dodging
  3614 | D:5      | Reached skill level 4 in Dodging
  3741 | D:5      | Reached XP level 5. HP: 21/21 MP: 9/9
  3765 | D:5      | Reached skill level 5 in Dodging
  3860 | D:5      | Found a bloodstained altar of Trog.
  3861 | D:5      | Noticed a wizard
  3868 | D:5      | Killed a wizard
  3934 | D:5      | Reached skill level 6 in Dodging
  3934 | D:5      | Gained mutation: You are covered in thick fur. (AC +2) [Felid growth]
  3934 | D:5      | Reached XP level 6. HP: 24/24 MP: 7/10
  4092 | D:5      | Found an opulent altar of Gozag.
  4092 | D:5      | Found a hide-covered altar of Uskayaw.
  4093 | D:5      | Found a deep blue altar of Sif Muna.
  4190 | D:5      | Noticed an ice beast
  4200 | D:5      | HP: 1/36 [poisoned by a gnoll sergeant]
  4201 | D:5      | Killed an ice beast
  4201 | D:5      | Reached skill level 7 in Dodging
  4201 | D:5      | Succumbed to a gnoll sergeant's poison

Skill      XL: |  1  2  3  4  5  6 |
---------------+-------------------+-----
Unarmed Combat | 2 3 4 |  4.3
Ice Magic      | 1 |  1.0
Dodging        | 4 6 7 |  7.5
Stealth        | |  4.0
Spellcasting   | |  2.0
Hexes          | |  4.9

Action                   |  1- 3 |  4- 6 || total
-------------------------+-------+-------++-------
Melee: Unarmed           |   103 |    76 ||   179
       Bite              |     8 |     3 ||    11
       Punch             |     1 |     1 ||     2
 Cast: Corona            |    11 |     3 ||    14
       Ensorcelled Hiber |     4 |    15 ||    19
       Confuse           |       |    11 ||    11
 Abil: Evoke Berserk Rag |       |     5 ||     5
  Use: Scroll            |     4 |       ||     4
       Potion            |       |     4 ||     4
 Stab: Sleeping          |    19 |    15 ||    34
       Confused          |       |     1 ||     1
  Eat: Chunk             |     2 |     4 ||     6
Armor: Skin              |     7 |     7 ||    14
Dodge: Dodged            |    73 |    50 ||   123
